 Dungeon Crawl Stone Soup version 0.17-a0-1769-g54adf96 (webtiles) character file.

191 thrall606 the Skirmisher (level 5, -1/42 HPs)
             Began as a Demonspawn Abyssal Knight on Sept 7, 2015.
             Was a Believer of Lugonu.
             Killed by a spatial distortion (4 damage)
             ... on level 3 of the Dungeon.
             The game lasted 00:10:16 (3462 turns).

thrall606 the Skirmisher (DsAK)                     Turns: 3462, Time: 00:10:16

Health: -1/42      AC: 14    Str: 16      XL:     5   Next: 42%
Magic:  7/7        EV: 11    Int: 13      God:    Lugonu [**....]
Gold:   166        SH:  0    Dex: 13 (14) Spells: 0 memorised, 4 levels left

rFire  . . .     SeeInvis .     r - +1 whip (venom)
rCold  + . .     Clarity  +     f - +0 ring mail (curse)
rNeg   . . .     SustAt   .     (no shield)
rPois  .         Gourm    .     m - +0 helmet
rElec  .         Spirit   .     s - +2 cloak
rCorr  .         Warding  .     k - +0 pair of gloves
rMut   .         Stasis   .     (no boots)
MR     .....                    h - amulet of clarity
Stlth  ++........               (no ring)
                                i - +4 ring of strength

@: not resistant to hostile enchantments, unstealthy
A: hooves 1, iridescent scales 1, cold resistance 1, nightstalker 1
a: Depart the Abyss, Bend Space, Renounce Religion


You were on level 3 of the Dungeon.
You worshipped Lugonu.
Lugonu was pleased with you.
You were not hungry.

You visited 1 branch of the dungeon, and saw 3 of its levels.
You visited the Abyss 1 time.

You collected 166 gold pieces.

Inventory:

Hand weapons
 a - a +2 falchion
 r - a +1 whip of venom (weapon)
Armour
 b - a +0 leather armour
 e - a +1 scale mail
 f - a cursed +0 ring mail (worn)
 k - a +0 pair of gloves (worn)
 m - a +0 helmet (worn)
 s - a +2 cloak (worn)
Jewellery
 h - an amulet of clarity (around neck)
 i - a +4 ring of strength (left hand)
Scrolls
 j - 3 scrolls of teleportation
 p - a scroll of identify
 q - 2 scrolls of immolation
Potions
 d - 2 potions of curing
 o - a potion of degeneration
Comestibles
 c - a bread ration
 g - 5 chunks of flesh
 l - 5 fruits
 n - 2 meat rations


   Skills:
 + Level 3.9 Fighting
 + Level 2.6 Long Blades
 + Level 0.1 Maces & Flails
 + Level 2.6 Armour
 + Level 2.4 Dodging
 + Level 0.4 Stealth
 + Level 3.4 Invocations


You had 4 spell levels left.
You didn't know any spells.

Dungeon Overview and Level Annotations

Branches:
Dungeon (3/15)

Altars:
Sif Muna
Vehumet

Annotations:
D:3 Ajdolov's ghost, average OgBe


Innate Abilities, Weirdness & Mutations

You have large cloven feet.
You are partially covered in iridescent scales (AC +4).
Your flesh is cold resistant.
You are slightly more attuned to the shadows.


Message History

Ajdolov's ghost is moderately damaged.
Ajdolov's ghost hits you but does no damage.
You barely miss Ajdolov's ghost. Your kick misses Ajdolov's ghost.
Ajdolov's ghost is moderately damaged.
Ajdolov's ghost hits you.
You hit Ajdolov's ghost.
You kick Ajdolov's ghost, but do no damage.
Ajdolov's ghost is moderately damaged.
Ajdolov's ghost hits you!
* * * LOW HITPOINT WARNING * * *
You completely miss Ajdolov's ghost.
You kick Ajdolov's ghost, but do no damage.
Ajdolov's ghost is moderately damaged.
Ajdolov's ghost hits you but does no damage.
You hit Ajdolov's ghost. Your kick misses Ajdolov's ghost.
Ajdolov's ghost is moderately damaged.
Ajdolov's ghost barely misses you.
Use which ability?
Space bends around you!
You blink.
You die...

.........##......#
###....##....###
#.########.####.#
#..# #.# #......#
##..# ##.## #.######
...###...# #.#
#....W§..# #.#
##.####.......# #.#
#..........@### #.#
# ##.......## #.#
#.. #.........# #.#
##.. #........##
#.#####
....##.......##
#.....#
###.....<....##
#####.#
........#...########
#.#
#..#..###....<....#
#.# # #..#.##
##.#####..# #.#


You could see Ajdolov's ghost.

Vanquished Creatures
  Natasha (twice) (D:3)
  A gnoll (D:1)
  7 adders (D:2)
  3 oozes (D:1)
  5 worms
  3 orcs (D:3)
  A giant cockroach (D:3)
  10 hobgoblins
  4 jackals (D:2)
  8 bats
  2 giant geckos
  A giant newt (D:1)
  4 goblins
  3 kobolds (D:1)
  6 rats
60 creatures vanquished.

Notes
Turn   | Place    | Note
--------------------------------------------------------------
     0 | Abyss:1  | thrall606 the Demonspawn Abyssal Knight began the quest for the Orb.
     0 | Abyss:1  | Reached XP level 1. HP: 18/18 MP: 2/2
     6 | Abyss:1  | Found a shadowy altar of Dithmenos.
    58 | Abyss:1  | Noticed a large abomination
    62 | D:1      | Escaped the Abyss
   187 | D:1      | Gained mutation: You are slightly more attuned to the shadows. [demonic ancestry]
   187 | D:1      | Reached XP level 2. HP: 14/24 MP: 2/4
   754 | D:1      | Gained mutation: Your flesh is cold resistant. [demonic ancestry]
   754 | D:1      | Reached XP level 3. HP: 25/29 MP: 5/5
   822 | D:1      | Acquired Lugonu's first power
   972 | D:1      | Reached skill level 1 in Dodging
  1320 | D:2      | Found a deep blue altar of Sif Muna.
  1575 | D:2      | Gained mutation: You have large cloven feet. [demonic ancestry]
  1575 | D:2      | Reached XP level 4. HP: 37/37 MP: 6/6
  2215 | D:2      | Acquired Lugonu's second power
  2889 | D:3      | Gained mutation: You are partially covered in iridescent scales (AC +4). [demonic ancestry]
  2889 | D:3      | Reached XP level 5. HP: 34/42 MP: 7/7
  3156 | D:3      | Noticed Natasha
  3166 | D:3      | Killed Natasha
  3226 | D:3      | Noticed Ajdolov's ghost (average OgBe)
  3339 | D:3      | Noticed Natasha
  3354 | D:3      | Killed Natasha
  3412 | D:3      | Found a radiant altar of Vehumet.
  3462 | D:3      | Killed by a spatial distortion

Vault maps used:
D:1:      shiori_arrival_oz, hangedman_glass_teeth, minmay_misc_feat_roman,
          hangedman_abyss_or_decor_lesser_grid, item_on_display_a
D:2:      led_sif_pool
D:3:      nicolae_overflow_crystal_walls, grunt_ministairs_13, uniq_natasha,
          uniq_crazy_yiuf_cottage

Action                   |  1- 3 |  4- 6 || total
-------------------------+-------+-------++-------
Melee: Falchion          |    99 |   149 ||   248
       Whip              |       |    56 ||    56
Invok: Depart the Abyss  |     1 |       ||     1
  Use: Scroll            |     4 |     6 ||    10
       Potion            |     1 |     5 ||     6
 Stab: Sleeping          |       |     3 ||     3
  Eat: Chunk             |     2 |     2 ||     4
       Meat ration       |       |     1 ||     1
